Map: Яганната РВ

Players

oOXyZOo

  • Race: Zerg Zerg
  • League: Diamond

Kantara - Winner!

  • Race: Protoss Protoss
  • League: Diamond

VOD

Have the link to the VOD?

Description

Time

  • Played on: July 6, 2021, 3:47 p.m.
  • Length: 22:30
Show
View Real Time Build Order
Export as new Build Order

oOXyZOo Zerg 

Build Orders: Hatch First 

Get SALT Encoding   

  12  0:00  Drone  
  13  0:12  Overlord  
  13  0:17  Drone  
  14  0:32  Drone x2  
  14  0:34  Drone  
  17  0:51  Hatchery  
  17  0:55  Drone  
  17  1:01  Drone  
  18  1:09  Extractor  
  17  1:15  Spawning Pool  
  17  1:17  Drone  
  17  1:21  Drone  
  18  1:27  Drone  
  19  1:38  Drone  
  20  1:52  Overlord  
  20  2:06  Hatchery  
  20  2:07  Drone x2  
  21  2:12  Metabolic Boost  
  21  2:14  Queen  
  23  2:18  Drone  
  23  2:22  Drone  
  25  2:26  Drone  
  25  2:28  Drone  
  27  2:34  Drone  
  28  2:38  Queen  
  30  2:45  Drone x2  
  30  2:49  Overlord  
  32  2:57  Queen  
  34  3:00  Drone  
  34  3:01  Drone  
  36  3:08  Drone  
  36  3:09  Drone  
  38  3:17  Overlord  
  38  3:26  Zergling x4  
  38  3:27  Zergling x2  
  41  3:31  Zergling x4  
  43  3:41  Overlord  
  43  3:42  Zergling x4  
  45  3:56  Baneling Nest, Drone x6  
  45  3:59  Queen x2  
  45  4:02  Lair  
  53  4:28  Drone x4  
  53  4:30  Overlord  
  53  4:31  Overlord x2  
  57  4:35  Extractor  
  57  4:36  Extractor  
  55  4:56  Hatchery  
  54  5:05  Queen x3  
  60  5:12  Drone x9  
  69  5:14  Spore Crawler  
  69  5:16  Spore Crawler  
  69  5:18  Spore Crawler  
  69  5:19  Drone x3  
  69  5:20  Drone x3  
  72  5:24  Drone  
  72  5:25  Overlord x2  
  72  5:26  Overlord x2  
  72  5:57  Spire  
  70  6:08  Queen  
  70  6:09  Queen x3  
  76  6:28  Drone x2  
  76  6:29  Drone  
  76  6:30  Extractor  
  76  6:31  Extractor, Drone x3  
  76  6:32  Drone x3  
  83  6:33  Drone  
  83  6:34  Drone x5  
  83  6:35  Drone x5  
  83  6:37  Zergling x2  
  83  6:38  Zergling x18  
  104  6:55  Queen  
  101  7:09  Corruptor  
  101  7:11  Overlord x3  
  101  7:12  Overlord  
  103  7:16  Overlord x3  
  103  7:17  Overlord  
  103  7:31  Corruptor x4  
  103  7:32  Corruptor x3  
  103  7:34  Hatchery  
  103  7:35  Extractor  
  103  7:36  Extractor  
  109  7:47  Corruptor  
  109  7:48  Corruptor x3  
  116  7:51  Corruptor  
  112  8:12  Hydralisk Den  
  111  8:15  Mutalisk, Zerg Flyer Weapons Level 1  
  111  8:16  Mutalisk x3, Evolution Chamber  
  111  8:17  Evolution Chamber  
  117  8:23  Drone x2  
  117  8:24  Drone x2  
  117  8:25  Drone x2  
  123  8:31  Overseer  
  123  8:32  Extractor  
  123  8:33  Pneumatized Carapace  
  122  8:35  Extractor  
  122  8:37  Drone x4  
  122  8:38  Drone  
  126  8:44  Lurker Den  
  125  8:56  Zerg Ground Armor Level 1, Zerg Missile Weapons Level 1  
  125  8:59  Drone x4  
  125  9:00  Drone x10  
  125  9:01  Drone x2  
  125  9:02  Drone  
  142  9:04  Drone  
  142  9:05  Drone  
  142  9:06  Drone  
  145  9:13  Infestation Pit  
  145  9:14  Muscular Augments  
  145  9:15  Mutalisk  
  145  9:16  Mutalisk  
  148  9:56  Drone x3  
  148  9:57  Drone x4  
  148  9:58  Mutalisk x8  
  171  10:01  Hatchery  
  171  10:04  Spire  
  169  10:13  Hive  
  169  10:19  Mutalisk x2  
  169  10:21  Overlord x3  
  173  10:39  Overlord x4  
  155  10:56  Mutalisk x10  
  161  11:10  Mutalisk  
  161  11:11  Mutalisk x3  
  169  11:24  Drone x2  
  169  11:25  Drone x2  
  173  11:36  Centrifugal Hooks  
  173  11:38  Drone  
  173  11:39  Drone x2  
  176  11:40  Extractor  
  175  12:06  Mutalisk x5, Extractor  
  175  12:07  Mutalisk x7  
  198  12:08  Extractor  
  197  12:16  Hatchery  
  196  12:24  Zerg Flyer Weapons Level 2  
  196  12:27  Seismic Spines  
  196  12:28  Spire  
  182  13:09  Corruptor x5  
  182  13:10  Corruptor x6  
  199  13:16  Spawning Pool  
  193  13:26  Drone x3  
  197  13:27  Drone x3  
  197  13:28  Drone  
  200  13:41  Zerg Ground Armor Level 2, Zerg Missile Weapons Level 2  
  200  13:43  Zerg Flyer Armor Level 1  
  200  13:45  Greater Spire  
  200  13:46  Adaptive Talons  
  183  14:42  Overseer x2  
  183  14:43  Overseer x3  
  181  14:46  Corruptor  
  181  14:47  Corruptor x8  
  199  14:59  Zerg Flyer Weapons Level 3  
  196  15:25  Spore Crawler  
  196  15:26  Spore Crawler x3  
  196  15:27  Spore Crawler x2  
  187  15:28  Spore Crawler  
  187  15:30  Spore Crawler, Spine Crawler  
  187  15:31  Spore Crawler, Spine Crawler  
  187  15:32  Spine Crawler  
  187  15:34  Spore Crawler x2, Spine Crawler x2  
  176  15:37  Spore Crawler  
  174  16:00  Drone x12  
  174  16:03  Drone x3  
  189  16:04  Drone x2  
  189  16:05  Spore Crawler, Drone x2  
  189  16:06  Spore Crawler, Drone x2  
  189  16:07  Spore Crawler x2  
  189  16:08  Spine Crawler  
  189  16:09  Spine Crawler x2  
  188  16:11  Spine Crawler  
  188  16:12  Spore Crawler x2  
  188  16:14  Spore Crawler  
  180  16:23  Viper x5  
  193  16:40  Extractor  
  193  16:41  Drone x3  
  193  16:42  Extractor  
  193  16:43  Drone x3  
  197  16:55  Spore Crawler  
  194  17:24  Drone x3  
  194  17:25  Drone x3  
  194  17:27  Spore Crawler  
  194  17:29  Spore Crawler x3  
  196  17:30  Spore Crawler x2  
  196  17:35  Adrenal Glands  
  194  17:37  Zerg Flyer Armor Level 2  
  194  17:40  Zerg Missile Weapons Level 3, Zerg Ground Armor Level 3  
  194  18:17  Grooved Spines  
  194  19:08  Spore Crawler  
  194  19:09  Spore Crawler  
  192  19:10  Spore Crawler x3  
  192  19:11  Spore Crawler x3  
  192  19:13  Spore Crawler  
  192  19:16  Spore Crawler x2  
  181  19:18  Spore Crawler  
  181  19:19  Spore Crawler  
  155  19:24  Hydralisk x3  
  155  19:25  Hydralisk x18  
  158  19:45  Corruptor  
  158  19:46  Corruptor x16  
  184  20:10  Lurker x5  
  184  20:12  Corruptor x2  
  184  20:13  Overlord  
  184  20:14  Overlord x2  
  187  20:22  Corruptor x4  
  187  20:24  Overlord x2  
  187  20:25  Overlord, Spore Crawler  
  179  20:28  Spore Crawler x2  
  179  20:35  Hydralisk  
  112  20:36  Hydralisk x12  
  112  20:41  Hydralisk  
  112  20:42  Hydralisk x2  
  113  20:58  Drone x8  
  108  21:07  Extractor, Hatchery  
  108  21:09  Extractor  
  98  21:14  Corruptor x2  
  98  21:15  Corruptor  
  104  21:27  Corruptor  
  106  21:39  Hydralisk x2  
  104  21:44  Hydralisk  
  105  21:57  Hydralisk  
Show
View Real Time Build Order
Export as new Build Order

Kantara Protoss - Winner!

Build Orders: 1 Gate Expand, Carriers 

Get SALT Encoding   

  12  0:00  Probe  
  13  0:12  Probe  
  14  0:19  Pylon  
  14  0:25  Probe (Chrono Boost)  
  15  0:38  Probe (Chrono Boost)  
  15  0:40  Gateway  
  16  0:43  Probe (Chrono Boost)  
  16  0:47  Assimilator  
  17  0:54  Probe  
  18  1:06  Probe  
  19  1:19  Probe  
  20  1:25  Nexus  
  20  1:35  Cybernetics Core  
  20  1:38  Probe  
  21  1:42  Assimilator  
  21  1:50  Probe (Chrono Boost)  
  21  1:52  Pylon  
  23  2:01  Probe (Chrono Boost)  
  23  2:09  Probe (Chrono Boost)  
  23  2:12  Stalker  
  26  2:21  Probe (Chrono Boost)  
  27  2:29  Probe (Chrono Boost)  
  28  2:33  Stargate  
  29  2:38  Probe (Chrono Boost)  
  29  2:40  Probe (Chrono Boost)  
  29  2:41  Shield Battery  
  30  2:45  Sentry  
  30  2:50  Probe (Chrono Boost)  
  34  2:51  Probe (Chrono Boost)  
  34  2:57  Forge  
  34  2:59  Probe  
  34  3:00  Probe  
  34  3:04  Assimilator  
  36  3:11  Probe  
  36  3:12  Void Ray (Chrono Boost), Probe  
  38  3:13  Assimilator  
  38  3:23  Probe  
  43  3:29  Pylon, Probe  
  44  3:35  Probe  
  46  3:41  Probe  
  46  3:47  Probe  
  47  4:01  Stargate  
  47  4:03  Fleet Beacon  
  47  4:04  Probe (Chrono Boost)  
  49  4:10  Probe (Chrono Boost)  
  49  4:16  Probe (Chrono Boost)  
  50  4:18  Probe (Chrono Boost)  
  50  4:20  Oracle  
  50  4:23  Pylon  
  54  4:36  Pylon  
  54  4:41  Protoss Air Weapons Level 1 (Chrono Boost), Probe  
  55  4:58  Probe x2  
  57  5:01  Tempest x2  
  67  5:18  Photon Cannon  
  67  5:21  Pylon  
  67  5:27  Pylon  
  67  5:28  Pylon  
  67  5:43  Nexus  
  67  5:44  Photon Cannon  
  66  5:59  Tempest x2  
  66  6:03  Cybernetics Core  
  76  6:05  Probe x2  
  78  6:17  Probe (Chrono Boost)  
  80  6:19  Probe (Chrono Boost)  
  80  6:24  Nexus  
  80  6:25  Pylon  
  80  6:26  Mothership (Chrono Boost)  
  89  6:34  Probe (Chrono Boost)  
  89  6:37  Pylon  
  89  6:38  Shield Battery  
  89  6:41  Probe  
  90  6:53  Unknown, Probe  
  91  7:05  Probe  
  92  7:10  Twilight Council  
  92  7:13  Pylon  
  92  7:14  Void Ray x2  
  92  7:17  Probe  
  92  7:19  Warp Gate (Chrono Boost)  
  101  7:24  Protoss Ground Weapons Level 1 (Chrono Boost)  
  102  7:30  Probe  
  102  7:36  Protoss Air Weapons Level 2 (Chrono Boost)  
  102  7:42  Probe  
  103  8:00  Void Ray (Chrono Boost)  
  103  8:01  Void Ray (Chrono Boost)  
  111  8:13  Probe  
  112  8:22  Assimilator  
  112  8:25  Assimilator, Probe  
  113  8:30  Pylon  
  113  8:32  Templar Archives, Pylon  
  113  8:36  Gateway x2  
  113  8:39  Gateway  
  113  8:41  Gateway  
  113  8:44  Pylon  
  113  8:46  Pylon  
  113  8:48  Photon Cannon  
  113  8:50  Photon Cannon x2  
  113  8:52  Pylon  
  113  8:55  Pylon  
  113  8:56  Charge (Chrono Boost), Photon Cannon  
  113  9:00  Photon Cannon x2  
  113  9:01  Photon Cannon x2  
  113  9:03  Psionic Storm  
  113  9:09  Void Ray x2  
  121  9:23  Protoss Air Armor Level 1  
  121  9:27  High Templar  
  123  9:33  Probe x2  
  125  9:39  Robotics Facility  
  125  10:02  Probe x3, Protoss Air Weapons Level 3  
  128  10:13  High Templar  
  136  10:27  Nexus  
  136  10:28  High Templar  
  138  10:29  Pylon x2  
  138  10:31  Assimilator  
  138  10:33  Assimilator  
  132  10:48  Mothership (Chrono Boost)  
  116  10:51  Void Ray x2 (Chrono Boost)  
  110  11:07  High Templar  
  111  11:28  Probe x2  
  111  11:30  Void Ray (Chrono Boost)  
  121  11:40  Nexus, Void Ray (Chrono Boost)  
  121  11:43  High Templar x2  
  125  11:48  Pylon  
  121  12:09  Stalker x3  
  127  12:19  Void Ray x2 (Chrono Boost)  
  127  12:22  Forge  
  127  12:23  Pylon  
  127  12:24  Forge  
  135  12:31  Pylon  
  135  12:34  Zealot x5  
  142  12:59  Phoenix x2  
  142  13:03  Zealot x5  
  154  13:09  Protoss Ground Weapons Level 2 (Chrono Boost)  
  154  13:18  Anion Pulse-Crystals (Chrono Boost), Photon Cannon  
  154  13:19  Observer  
  155  13:20  Protoss Air Armor Level 2 (Chrono Boost)  
  155  13:21  Photon Cannon  
  155  13:22  Pylon, Photon Cannon  
  155  13:24  Phoenix  
  155  13:25  Photon Cannon  
  139  13:34  Photon Cannon  
  139  13:35  Phoenix  
  139  13:37  Photon Cannon  
  139  13:39  Photon Cannon  
  139  13:40  Photon Cannon  
  141  13:42  Pylon  
  141  13:46  Pylon  
  141  13:49  Phoenix  
  141  13:50  Pylon  
  138  14:00  Phoenix (Chrono Boost)  
  131  14:19  Carrier (Chrono Boost)  
  131  14:20  Carrier (Chrono Boost)  
  143  14:31  Zealot x5  
  150  15:08  Carrier  
  150  15:09  Carrier  
  162  15:17  Dark Shrine  
  162  15:19  Pylon  
  162  15:20  Pylon  
  162  15:22  Gateway  
  162  15:26  Gateway  
  162  15:27  Nexus  
  162  15:28  Gateway  
  162  15:29  Gateway  
  162  15:33  Photon Cannon  
  162  15:34  Photon Cannon  
  152  15:52  Protoss Air Armor Level 3 (Chrono Boost)  
  152  15:58  Photon Cannon  
  152  16:00  Photon Cannon  
  152  16:02  Pylon  
  152  16:04  High Templar x2  
  152  16:08  Archon  
  152  16:10  High Templar x2  
  160  16:12  Carrier  
  160  16:14  Carrier, Archon  
  169  16:25  High Templar x4  
  177  16:29  Archon x2  
  177  16:36  Probe x3  
  180  16:41  Probe  
  181  16:48  Dark Templar, Probe x3  
  180  17:08  Pylon, Photon Cannon x2  
  180  17:18  Photon Cannon  
  180  17:28  Observer  
  181  17:43  Stargate x2  
  181  17:57  Nexus, Protoss Shields Level 1 (Chrono Boost)  
  181  17:59  Carrier (Chrono Boost)  
  187  18:09  Probe x3  
  190  18:17  Probe  
  191  18:21  Probe x3  
  192  18:38  Nexus  
  192  18:41  Carrier (Chrono Boost), Pylon  
  198  19:10  Photon Cannon  
  198  19:11  Photon Cannon  
  183  19:55  Mothership (Chrono Boost)  
  152  20:46  Observer (Chrono Boost)  
  153  20:53  Assimilator  
  153  20:54  Assimilator, Void Ray x4  
  153  20:57  Photon Cannon x2  
  153  20:58  Photon Cannon x3  
  153  20:59  Observer (Chrono Boost)  
  170  21:19  Observer  
  170  21:20  Zealot x7  
  170  21:21  Zealot x2  
  176  22:13  Dark Templar x6  
  176  22:14  Dark Templar x3  
Tags
 
Add a new tag
Caveats
  • Supply blocks, unpowered buildings, or Contaminate may cause inaccurate times.
  • Supply counts are checked every 10 seconds.